 Dungeon Crawl Stone Soup version 0.29-a0-111-gbaf749a769 (webtiles) character file.

Game seed: 429988140534371591

329 cyrus the Cudgeller (level 6, -9/61 HPs)
             Began as a Troll Berserker on Feb 17, 2022.
             Was a Follower of Trog.
             Mangled by an ogre (18 damage)
             ... on level 4 of the Dungeon.
             The game lasted 00:05:29 (2310 turns).

cyrus the Cudgeller (Troll Berserker)               Turns: 2310, Time: 00:05:30

Health: -9/61      AC:  4    Str: 26    XL:     6   Next: 25%
Magic:  5/5        EV: 10    Int:  5    God:    Trog [*.....]
Gold:   46         SH:  0    Dex:  9    Spells: 5/5 levels left

rFire   . . .      SeeInvis .   o - +0 scythe
rCold   . . .      Faith    .   (shield currently unavailable)
rNeg    . . .      Spirit   .   i - +0 robe
rPois   .          Reflect  .   (helmet restricted)
rElec   .          Harm     .   (no cloak)
rCorr   .          Rampage  .   (gloves unavailable)
Will    .....                   (boots unavailable)
Stlth   +.........              (no amulet)
HPRegen 1.00/turn               (no ring)
MPRegen 0.09/turn               (no ring)

@: on berserk cooldown
A: large, unfitting armour, claws 3, regeneration 1, shaggy fur 1, tough skin 1
a: Renounce Religion, Berserk


You were on level 4 of the Dungeon.
You worshipped Trog.
Trog was aware of your devotion.
You visited 1 branch of the dungeon, and saw 3 of its levels.

You collected 46 gold pieces.

Inventory:

Hand Weapons
 a - a +0 mace
 h - a +0 flail
 o - a +0 scythe (weapon)
Armour
 b - a +0 animal skin
 g - a +0 plate armour
 i - a +0 robe (worn)
Wands
 m - a wand of flame (11)
Scrolls
 c - a scroll of acquirement {unknown}
 e - a scroll of torment {unknown}
 f - 2 scrolls of identify {unknown}
 j - a scroll of blinking {unknown}
 k - 2 scrolls of amnesia {unknown}
 l - a scroll of magic mapping {unknown}
 p - a scroll of noise {unknown}
 q - a scroll of holy word {unknown}
Potions
 d - a potion of attraction {unknown}
 n - a potion of berserk rage {unknown}


   Skills:
 + Level 3.5 Fighting
 + Level 4.3 Maces & Flails
 + Level 4.0 Dodging
 + Level 0.6 Stealth


You had 5 spell levels left.
You didn't know any spells.
Your spell library was empty.

Dungeon Overview and Level Annotations

Branches:
Dungeon (2/15)             Temple (0/1) D:4

Altars:
Xom


Innate Abilities, Weirdness & Mutations

You are too large for most types of armour.
You have claws for hands.
Your natural rate of healing is unusually fast.
You are covered in fur. (AC +1)
You have tough skin. (AC +1)


Message History

You are exhausted.
You feel yourself slow down. The orc barely misses you.
The ogre hits you with a +0 giant club! The orc hits you with a +0 club.
The ogre barely misses you. The orc hits you with a +0 club.
The ogre barely misses you. The orc barely misses you.
The orc barely misses you. The ogre closely misses you.
The orc closely misses you. The ogre barely misses you.
The ogre hits you with a +0 giant club!
* * * LOW HITPOINT WARNING * * *
The orc hits you with a +0 club.
* * * LOW HITPOINT WARNING * * *
Found 16 gold pieces.
The orc barely misses you. The ogre closely misses you.
The orc hits you but does no damage. The ogre barely misses you.
The orc barely misses you. The ogre misses you.
Found a short sword.
Found a stone staircase leading down.
The orc closely misses you.
Aiming: Throw Flame
Press: ? - help, Q - select action Shift-Dir - straight line, f - ogre
Aim: an ogre, wielding a +0 giant club (85% to hit)
The puff of flame hits the ogre.
The ogre is moderately wounded.
The ogre hits you with a +0 giant club!!
* * * LOW HITPOINT WARNING * * *
The orc hits you with a +0 club.
* * * LOW HITPOINT WARNING * * *
The orc hits you but does no damage. The ogre misses you.
The orc barely misses you.
Found 13 gold pieces.
You feel yourself speed up. The ogre closely misses you.
The ogre hits you with a +0 giant club!!
You die...

....## ..$.# .....#
...## .....# ....#
.....# ...# .....#
...##
.....#+##+###+##..)#
.................#
...............Oo#
................@#
.................#
...........$.....#
###########........
#.........
#.......>..
#..........
#.........


You could see an ogre and an orc.

Vanquished Creatures
  Sigmund (D:4)
  2 hounds (D:4)
  An iguana (D:4)
  A gnoll (D:1)
  3 adders
  2 dart slugs
  2 bats
  5 endoplasms (D:1)
  A giant cockroach (D:2)
  3 goblins
  3 hobgoblins
  A quokka (D:1)
  5 ball pythons (D:1)
  3 frilled lizards
  5 kobolds
38 creatures vanquished.

Notes
Turn   | Place    | Note
-------+----------+-------------------------------------------
     0 | D:1      | cyrus the Troll Berserker began the quest for the Orb.
     0 | D:1      | Reached XP level 1. HP: 22/22 MP: 0/0
    83 | D:1      | Reached XP level 2. HP: 17/29 MP: 1/1
   804 | D:1      | Reached XP level 3. HP: 30/36 MP: 2/2
  1070 | D:2      | Found a shimmering altar of Xom.
  1107 | D:1      | HP: 1/36 [adder (4)]
  1140 | D:1      | Reached XP level 4. HP: 38/44 MP: 3/3
  1460 | D:2      | You fall into a shaft and drop 2 floors!
  1863 | D:4      | Noticed Sigmund
  1873 | D:4      | Killed Sigmund
  1874 | D:4      | Reached XP level 5. HP: 53/53 MP: 4/4
  1874 | D:4      | Reached XP level 6. HP: 61/61 MP: 5/5
  1956 | D:4      | Found a staircase to the Ecumenical Temple.
  2305 | D:4      | HP: 3/61 [ogre (22)]
  2310 | D:4      | Mangled by an ogre

Illustrated notes

Levels and vault maps discovered:
D:1:      ncdulo_lavacross, layout_rooms, serial_curves, eino_curves_02,
          eino_curves_04
D:2:      layout_rooms, basic_altar, uniq_natasha
D:4:      layout_gridville, minmay_temple_entry_statues, uniq_sigmund

Skill      XL: |  1  2  3  4  5  6 |
---------------+-------------------+-----
Maces & Flails | 3 4 |  4.3
Dodging        | 3 4 |  4.0
Fighting       | 3 |  3.5
Stealth        | |  0.6

Action                   |  1- 3 |  4- 6 || total
-------------------------+-------+-------++-------
Melee: Mace              |    56 |       ||    56
       Flail             |    40 |    31 ||    71
       Scythe            |       |    29 ||    29
Invok: Berserk           |     4 |     3 ||     7
Evoke: Wand              |       |     1 ||     1
Armor: Animal skin       |    24 |       ||    24
       Robe              |    32 |    30 ||    62
Dodge: Dodged            |   116 |    59 ||   175

Table legend: (Time is in decaauts)
 A = Elapsed time spent in this place.
 B = Non-inter-level travel time spent in this place.
 C = Inter-level travel time spent in this place.
 D = Time resting spent in this place.
 E = Time spent auto-exploring this place.
 F = Levels seen in this place.
 G = Mean time per level.
                   A        B        C        D        E       F      G
               +--------+--------+--------+--------+--------+-----+--------+
         Total |   2434 |   2420 |     14 |   1375 |    377 |   3 |  811.3 |
       Dungeon |   2434 |   2420 |     14 |   1375 |    377 |   3 |  811.3 |
               +--------+--------+--------+--------+--------+-----+--------+

Top non-repeatable levels by time:
     D:1: 1411 daAuts
     D:4: 914 daAuts
     D:2: 108 daAuts
